 Dungeon Crawl Stone Soup version 0.30-a0-840-ga523dec638 (webtiles) character file.

Game seed: 10642248995887465001

41 cforsyth the Sneak (level 3, -7/22 HPs)
             Began as a Kobold Brigand on Mar 2, 2023.
             Killed by nerve-wracking pain
             ... invoked by Jessica
              (8 damage)
             ... on level 2 of the Dungeon.
             The game lasted 00:01:14 (1179 turns).

cforsyth the Sneak (Kobold Brigand)                 Turns: 1179, Time: 00:01:14

Health: -7/22      AC:  3    Str:  8    XL:     3   Next: 75%
Magic:  3/3        EV: 15    Int: 12    God:
Gold:   62         SH:  0    Dex: 18    Spells: 2/2 levels left

rFire   . . .      SeeInvis .    a - +2 dagger
rCold   . . .      Faith    .    (no shield)
rNeg    . . .      Spirit   .    b - +0 robe
rPois   .          Reflect  .    (no helmet)
rElec   .          Harm     .    c - +0 cloak
rCorr   .          Rampage  .    (no gloves)
Will    .....                    (no boots)
Stlth   ++++                     (no amulet)
HPRegen 0.23/turn                (no ring)
MPRegen 0.08/turn                (no ring)

@: lethally poisoned (-7 -> -12)
A: small, no large weapons, nightstalker 3
a: no special abilities


You were on level 2 of the Dungeon.
You visited 1 branch of the dungeon, and saw 2 of its levels.

You collected 62 gold pieces.

Inventory:

Hand Weapons
 a - a +2 dagger (weapon)
Missiles
 d - 9 poisoned darts (quivered)
 e - 3 curare-tipped darts
 i - 3 atropa-tipped darts
Armour
 b - a +0 robe (worn)
 c - a +0 cloak (worn)
Jewellery
 l - a ring of magical power
Scrolls
 f - a scroll of blinking {unknown}
Potions
 g - 2 potions of berserk rage {unknown}
 h - a potion of heal wounds {unknown}
 j - a potion of brilliance {unknown}
 k - a potion of haste {unknown}
 m - a potion of might {unknown}


   Skills:
 + Level 2.8 Fighting
 + Level 3.4 Short Blades
 - Level 2.1 Throwing
 + Level 2.1 Dodging
 + Level 5.8 Stealth


You had 2 spell levels left.
You didn't know any spells.
Your spell library contained the following spells:

 Spells                   Type           Power      Damage    Failure   Level
 Alistair's Intoxication  Tmut/Pois      0%         N/A       100%        5
 Borgnjor's Vile Clutch   Necr/Erth      0%         N/A       100%        5
 Eringya's Noxious Bog    Tmut/Pois      0%         N/A       100%        6


Dungeon Overview and Level Annotations

Branches:
Dungeon (2/15)

Altars:

Shops:
D:2 :

Annotations:
D:2 Jessica


Innate Abilities, Weirdness & Mutations

You are small and have problems with some larger weapons.
You are completely attuned to the shadows.


Message History

Found a stone staircase leading up.
A dart slug comes into view.
A dart slug is nearby!
A dart slug is nearby!
A frilled lizard comes into view.
The helpless dart slug fails to defend itself.
You stick the dart slug like a pincushion!!!
You kill the dart slug!
The helpless frilled lizard fails to defend itself.
You perforate the frilled lizard like a sieve!!!
You kill the frilled lizard!
You see here a frilled lizard corpse.
Jessica the Apprentice Sorceress comes into view.
She is wielding a +2 dagger of venom.
Jessica shouts!
A goblin comes into view. It is wielding a +0 club.
Jessica gestures at you while chanting. Pain shoots through your body!
Ouch! That really hurt!
The goblin moves out of view.
You see here 4 gold pieces.
You are too injured to fight recklessly!
You are too injured to fight recklessly!
You are too injured to fight recklessly!
You are too injured to fight recklessly!
You are too injured to fight recklessly!
You are too injured to fight recklessly!
You are too injured to fight recklessly!
You are too injured to fight recklessly!
You are too injured to fight recklessly!
You are too injured to fight recklessly!
You are too injured to fight recklessly!
Jessica attacks as you move away!
Jessica hits you with a +2 dagger of venom.
* * * LOW HITPOINT WARNING * * *
You are lethally poisoned!
* * * LOW HITPOINT WARNING * * *
You feel sick. Jessica gestures at you while chanting.
Pain shoots through your body!
You die...

...#...... ..........
...... .. ...)..
#...#..##.## ##...†..
........#..####......†
........##†...........
.................##~..
...@$@........#.##~P~.
...#.##......#..#~PP~P
........†#####..#P~~~~
.....#...####..#♣~~~P~
.......###...#.♣P~~~~
........###.~~~P~~
........###.P~≈~P.
.........♣P~~~~~
.......#~~≈≈≈~~.


You could see Jessica.

Vanquished Creatures
  A worm (D:2)
  3 dart slugs
  4 bats
  6 endoplasms
  2 giant cockroaches (D:1)
  4 goblins
  A kobold (D:2)
  2 ball pythons (D:1)
  2 frilled lizards (D:2)
  6 rats
31 creatures vanquished.

Notes
Turn   | Place    | Note
-------+----------+-------------------------------------------
     0 | D:1      | cforsyth the Kobold Brigand began the quest for the Orb.
     0 | D:1      | Reached XP level 1. HP: 12/12 MP: 1/1
    92 | D:1      | Reached XP level 2. HP: 18/18 MP: 2/2
   453 | D:1      | Found a faded altar of an unknown god.
   521 | D:1      | Reached XP level 3. HP: 22/22 MP: 3/3
   889 | D:2      | Found Foamog's Vocational Training.
  1176 | D:2      | Noticed Jessica
  1179 | D:2      | HP: 1/22 [poisoned by Jessica]
  1179 | D:2      | Killed from afar by Jessica

Illustrated notes

Levels and vault maps discovered:
D:1:      heliophobic_arrival_glass_houses, layout_loops_cross,
          hellmonk_ecumenical_altar_heavens_door, minivault_24,
          minmay_misc_feat_room
D:2:      layout_rooms, basic_altar, serial_bayou_ford_a, minmay_crystal_water,
          nicolae_shop_vocational, uniq_jessica

Skill      XL: |  1  2  3 |
---------------+----------+-----
Short Blades   | 3 |  3.4
Dodging        | 2 |  2.1
Fighting       | |  2.8
Throwing       | |  2.1
Stealth        | |  5.8

Action                     || total
---------------------------++-------
  Melee: Dagger            ||    65
         Punch             ||     1
   Stab: Sleeping          ||    18
         Distracted        ||     2
 Armour: Robe              ||     1
  Dodge: Dodged            ||    19

Table legend: (Time is in decaauts)
 A = Elapsed time spent in this place.
 B = Non-inter-level travel time spent in this place.
 C = Inter-level travel time spent in this place.
 D = Time resting spent in this place.
 E = Time spent auto-exploring this place.
 F = Levels seen in this place.
 G = Mean time per level.
                   A        B        C        D        E       F      G
               +--------+--------+--------+--------+--------+-----+--------+
         Total |   1171 |   1146 |     25 |      0 |    983 |   2 |  585.5 |
       Dungeon |   1171 |   1146 |     25 |      0 |    983 |   2 |  585.5 |
               +--------+--------+--------+--------+--------+-----+--------+

Top non-repeatable levels by time:
     D:1: 884 daAuts
     D:2: 286 daAuts
